 Dungeon Crawl Stone Soup version 0.29-a0-559-g359e09b9d1 (webtiles) character file.

Game seed: 12962153850119651994

29 Hubjo the Insei (level 3, 0/27 HPs)
             Began as a Demonspawn Transmuter on June 10, 2022.
             Slain by a goblin
             ... wielding a +0 club
              (3 damage)
             ... on level 1 of the Dungeon.
             The game lasted 00:00:47 (1113 turns).

Hubjo the Insei (Demonspawn Transmuter)             Turns: 1113, Time: 00:00:47

Health: 0/27       AC:  2    Str: 10    XL:     3   Next: 1%
Magic:  6/6        EV: 15    Int: 14    God:
Gold:   52         SH:  0    Dex: 15    Spells: 5/6 levels left

rFire   . . .      SeeInvis .     - Unarmed
rCold   . . .      Faith    .   (no shield)
rNeg    . . .      Spirit   .   a - +0 robe
rPois   .          Reflect  .   (no helmet)
rElec   .          Harm     .   (no cloak)
rCorr   .          Rampage  .   (no gloves)
Will    .....                   (no boots)
Stlth   ++........              (no amulet)
HPRegen 0.09/turn               (no ring)
MPRegen 0.10/turn               (no ring)

@: no status effects
A: repulsion field 2
a: no special abilities


You were on level 1 of the Dungeon.
You visited 1 branch of the dungeon, and saw 1 of its levels.

You collected 52 gold pieces.

Inventory:

Armour
 a - a +0 robe (worn)
Scrolls
 e - a scroll of immolation {unknown}
Potions
 b - a potion of lignification
 c - a potion of haste {unknown}
 d - a potion of attraction {unknown}


   Skills:
 * Level 1.8 Fighting
 - Level 1.7 Dodging
 + Level 0.8 Stealth
 + Level 2.9 Unarmed Combat
 + Level 2.2 Spellcasting
 + Level 2.0 Transmutations


You had 5 spell levels left.
You knew the following spells:

 Your Spells              Type           Power      Damage    Failure   Level
a - Beastly Appendage     Tmut           14%        N/A       10%         1

Your spell library contained the following spells:

 Spells                   Type           Power      Damage    Failure   Level
 Wereblood                Tmut           7%         N/A       16%         2
 Spider Form              Tmut/Pois      4%         N/A       41%         3
 Ice Form                 Ice/Tmut       4%         N/A       83%         4


Dungeon Overview and Level Annotations

Branches:
Dungeon (1/15)

Altars:


Innate Abilities, Weirdness & Mutations

You are surrounded by a moderate repulsion field. (EV +3)


Message History

The hobgoblin shouts!
You hear a shout! x2
A hobgoblin is nearby!
A hobgoblin is nearby!
A hobgoblin is nearby!
The hobgoblin misses you. The hobgoblin misses you.
The hobgoblin closely misses you. The hobgoblin closely misses you.
A goblin comes into view. It is wielding a +0 club.
The hobgoblin misses you.
A goblin comes into view. It is wielding a +0 dagger.
The hobgoblin hits you but does no damage.
The goblin barely misses you. The hobgoblin barely misses you.
The goblin closely misses you. The hobgoblin barely misses you.
The goblin barely misses you. The hobgoblin closely misses you.
The goblin hits you but does no damage. The hobgoblin completely misses you.
The goblin hits you with a +0 club. The hobgoblin closely misses you.
The goblin hits you but does no damage. The hobgoblin closely misses you.
The goblin hits you with a +0 club. The hobgoblin closely misses you.
The goblin barely misses you. The hobgoblin closely misses you.
The goblin closely misses you. The hobgoblin closely misses you.
The goblin closely misses you. The hobgoblin barely misses you.
The goblin misses you. The hobgoblin closely misses you.
The goblin hits you with a +0 club. The hobgoblin barely misses you.
The goblin barely misses you. The hobgoblin hits you.
The goblin hits you but does no damage. The hobgoblin barely misses you.
The goblin misses you. The hobgoblin barely misses you.
The goblin closely misses you. The hobgoblin closely misses you.
The goblin barely misses you. The hobgoblin closely misses you.
The goblin misses you. The hobgoblin hits you. The goblin barely misses you.
The hobgoblin barely misses you. The goblin completely misses you.
The hobgoblin closely misses you. The goblin hits you but does no damage.
The hobgoblin closely misses you. The goblin barely misses you.
The hobgoblin hits you. The goblin misses you. The hobgoblin hits you.
* * * LOW HITPOINT WARNING * * *
The goblin hits you but does no damage. The hobgoblin hits you.
* * * LOW HITPOINT WARNING * * *
The goblin hits you with a +0 club.
You die...

#.# ###.
#.#
######...
##.#####
#......#.
#^.....#
#......#.
#..###.#
#........
#..###.#
#......##
#....#.#
#......##
#.##.#.#
######..[
#@# .#.#
####
#ggg...#
####.###
.. ... ..
## . #.
.... ##


You could see a hobgoblin and 2 goblins.

Vanquished Creatures
  A dart slug (D:1)
  2 ball pythons (D:1)
  3 endoplasms (D:1)
  A giant cockroach (D:1)
  2 goblins (D:1)
  5 hobgoblins (D:1)
  A kobold (D:1)
  4 bats (D:1)
  2 frilled lizards (D:1)
  4 rats (D:1)
25 creatures vanquished.

Vanquished Creatures (others)
  A ghoul (D:1)
  A draconian (D:1)
  A gargoyle (D:1)
  A merfolk (D:1)
  A spriggan (D:1)
  A naga (D:1)
  2 tengu (D:1)
  A mummy (D:1)
  A gnoll (D:1)
  An orc (D:1)
  A kobold (D:1)
  20 tentacles (D:1)
32 creatures vanquished.

Grand Total: 57 creatures vanquished

Notes
Turn   | Place    | Note
-------+----------+-------------------------------------------
     0 | D:1      | Hubjo the Demonspawn Transmuter began the quest for the
                  | Orb.
     0 | D:1      | Reached XP level 1. HP: 15/15 MP: 3/3
     0 | D:1      | Noticed a spriggan
     0 | D:1      | Noticed a merfolk
     0 | D:1      | Noticed a ghoul
     0 | D:1      | Noticed a tengu
     0 | D:1      | Noticed a tengu
     0 | D:1      | Noticed a kraken
     0 | D:1      | Noticed a naga
     0 | D:1      | Noticed a draconian
     0 | D:1      | Noticed a gargoyle
     3 | D:1      | Killed a naga
    12 | D:1      | Killed a spriggan
    13 | D:1      | Killed a merfolk
    17 | D:1      | Killed a gargoyle
    20 | D:1      | Killed a draconian
    22 | D:1      | Killed a tengu
    23 | D:1      | Killed a ghoul
    25 | D:1      | Killed a tengu
   266 | D:1      | Gained mutation: You are surrounded by a mild repulsion
                  | field. (EV +2) [demonic ancestry]
   266 | D:1      | Reached XP level 2. HP: 21/21 MP: 3/5
  1038 | D:1      | Gained mutation: You are surrounded by a moderate repulsion
                  | field. (EV +3) [demonic ancestry]
  1038 | D:1      | Reached XP level 3. HP: 27/27 MP: 6/6
  1113 | D:1      | Slain by a goblin

Illustrated notes

Levels and vault maps discovered:
D:1:      nicolae_arrival_kraken_aquarium_a, layout_loops_cross, serial_shops,
          shop_statue

Skill      XL: |  1  2 |
---------------+-------+-----
Transmutations | 2 |  2.0
Fighting       | |  1.8
Dodging        | |  1.7
Stealth        | |  0.8
Unarmed Combat | |  2.9
Spellcasting   | |  2.2

Action                   || total
-------------------------++-------
Melee: Unarmed           ||    67
       Kick              ||    11
       Headbutt          ||     6
       Punch             ||     1
 Cast: Beastly Appendage ||    16
Armor: Robe              ||    23
Dodge: Dodged            ||    81

Table legend: (Time is in decaauts)
 A = Elapsed time spent in this place.
 B = Non-inter-level travel time spent in this place.
 C = Inter-level travel time spent in this place.
 D = Time resting spent in this place.
 E = Time spent auto-exploring this place.
 F = Levels seen in this place.
 G = Mean time per level.
                   A        B        C        D        E       F      G
               +--------+--------+--------+--------+--------+-----+--------+
         Total |   1109 |   1090 |     19 |      0 |    904 |   1 | 1109.0 |
       Dungeon |   1109 |   1090 |     19 |      0 |    904 |   1 | 1109.0 |
               +--------+--------+--------+--------+--------+-----+--------+

Top non-repeatable levels by time:
     D:1: 1109 daAuts
